3AA
CASPER GHOSTS @ ATLANTIC CITY SONICS
08/24/2028
 
TOP OF THE 1ST
Casper Ghosts batting - Pitching for Atlantic City Sonics : RHP Jesús Guerra
Pitching: RHP Jesús Guerra
Batting: RHB Blake Snow 0-0: Ball
1-0: Ball
2-0: Foul Ball, location: 2F
2-1: Ball
3-1: Fly out, F8 (Flyball, 8RXD)
Batting: RHB Roberto De La Cruz 0-0: Swinging Strike
0-1: Swinging Strike
0-2: Ball
1-2: Foul Ball, location: 2F
1-2: Strikes out looking
Batting: RHB Jorge Díaz 0-0: Fly out, F8 (Flyball, 8RM)
Top of the 1st over - 0 run(s), 0 hit(s), 0 error(s), 0 left on base; Casper 0 - Atlantic City 0
BOTTOM OF THE 1ST
Atlantic City Sonics batting - Pitching for Casper Ghosts : RHP Júlio Vázquez
Pitching: RHP Júlio Vázquez
Batting: LHB Juan Ledezma 0-0: Ball
1-0: Called Strike
1-1: Ground out 4-3 (Groundball, 4)
Batting: LHB Todd Blankenburg 0-0: Called Strike
0-1: Ball
1-1: Foul Ball, location: 2F
1-2: Ball
2-2: Foul Ball, location: 2F
2-2: Ball
3-2: Fly out, F8 (Flyball, 8LM)
Batting: RHB Phil Moore 0-0: SINGLE (Groundball, 4MD)
Batting: LHB Chase Popoff 0-0: Ball
1-0: Called Strike
1-1: Foul Ball, location: 2F
1-2: Foul Ball, location: 2F
1-2: SINGLE (Line Drive, 4M)
Phil Moore to second
Batting: RHB Dam Son 0-0: Ball
1-0: Foul Ball, location: 2F
1-1: Ball
2-1: Called Strike
2-2: Fly out, F8 (Flyball, 8LS)
Bottom of the 1st over - 0 run(s), 2 hit(s), 0 error(s), 2 left on base; Casper 0 - Atlantic City 0
TOP OF THE 2ND
Casper Ghosts batting - Pitching for Atlantic City Sonics : RHP Jesús Guerra
Batting: RHB Richard Jost 0-0: Fly out, F9 (Flyball, 9S)
Batting: RHB Ron Coffman 0-0: Ball
1-0: Fly out, F8 (Flyball, 8RXD)
Batting: RHB Ron Thomas 0-0: Foul Ball, location: 2F
0-1: Called Strike
0-2: Ground out 4-3 (Groundball, 4)
Top of the 2nd over - 0 run(s), 0 hit(s), 0 error(s), 0 left on base; Casper 0 - Atlantic City 0
BOTTOM OF THE 2ND
Atlantic City Sonics batting - Pitching for Casper Ghosts : RHP Júlio Vázquez
Batting: LHB José Cordero 0-0: Ball
1-0: Swinging Strike
1-1: Foul Ball, location: 2F
1-2: SINGLE (Groundball, 4MS) (infield hit)
Batting: LHB Ward Wilberfoss 0-0: Called Strike
0-1: Ball
1-1: Foul Ball, location: 2F
1-2: Ball
2-2: Foul Ball, location: 2F
2-2: Ball
3-2: Foul Ball, location: 2F
3-2: Fly out, F4 (Popup, 4D)
Batting: RHB David Wooderson 0-0: Called Strike
0-1: Ball
1-1: Ground out 5-3 (Groundball, 56S)
José Cordero to second
Batting: RHB José Rodríguez 0-0: Ball
1-0: Ball
2-0: Ground out 6-3 (Groundball, 56)
Bottom of the 2nd over - 0 run(s), 1 hit(s), 0 error(s), 1 left on base; Casper 0 - Atlantic City 0
TOP OF THE 3RD
Casper Ghosts batting - Pitching for Atlantic City Sonics : RHP Jesús Guerra
Batting: RHB Warner Robinson 0-0: Ball
1-0: Foul Ball, location: 2F
1-1: Ball
2-1: Foul Ball, location: 2F
2-2: Foul Ball, location: 2F
2-2: Ball
3-2: Fly out, F8 (Line Drive, 8RM)
Batting: RHB Burt Babbs 0-0: Foul Ball, location: 2F
0-1: Foul Ball, location: 2F
0-2: Ball
1-2: Ball
2-2: Ball
3-2: Foul Ball, location: 2F
3-2: Base on Balls
Batting: RHB Manny Maltby 0-0: Ball
1-0: Foul Ball, location: 2F
1-1: Ball
2-1: Foul Ball, location: 2F
2-2: Ball
3-2: Base on Balls
Burt Babbs to second
Batting: RHB Blake Snow 0-0: Ball
1-0: Ball
2-0: Called Strike
Burt Babbs steals 3rd base
Manny Maltby to second
2-1: Fly out, F7 (Flyball, 78S)
Batting: RHB Roberto De La Cruz 0-0: Fly out, F8 (Line Drive, 8LS)
Top of the 3rd over - 0 run(s), 0 hit(s), 0 error(s), 2 left on base; Casper 0 - Atlantic City 0
BOTTOM OF THE 3RD
Atlantic City Sonics batting - Pitching for Casper Ghosts : RHP Júlio Vázquez
Batting: LHB Juan Ledezma 0-0: SINGLE (Flyball, 7LM) - OUT at second base trying to stretch hit.
Batting: LHB Todd Blankenburg 0-0: Swinging Strike
0-1: Ground out U3 (Groundball, 3)
Batting: RHB Phil Moore 0-0: Called Strike
0-1: Called Strike
0-2: Ball
1-2: Ball
2-2: Foul Ball, location: 2F
2-2: DOUBLE (Line Drive, 8LD)
Batting: LHB Chase Popoff 0-0: Ball
1-0: Ball
2-0: Ball
3-0: Called Strike
3-1: Swinging Strike
3-2: Ground out 5-3 (Groundball, 5D)
Bottom of the 3rd over - 0 run(s), 2 hit(s), 0 error(s), 1 left on base; Casper 0 - Atlantic City 0
TOP OF THE 4TH
Casper Ghosts batting - Pitching for Atlantic City Sonics : RHP Jesús Guerra
Batting: RHB Jorge Díaz 0-0: Foul Ball, location: 2F
0-1: Fly out, F8 (Flyball, 8RM)
Batting: RHB Richard Jost 0-0: Ball
1-0: Foul Ball, location: 2F
1-1: SINGLE (Line Drive, 8LS)
Batting: RHB Ron Coffman 0-0: 2-RUN HOME RUN (Flyball, 7D), Distance : 394 ft
Batting: RHB Ron Thomas 0-0: Ball
1-0: Foul Ball, location: 2F
1-1: Ball
2-1: Foul Ball, location: 2F
2-2: SOLO HOME RUN (Flyball, 8LXD), Distance : 438 ft
Batting: RHB Warner Robinson 0-0: Called Strike
0-1: Ball
1-1: Foul Ball, location: 2F
1-2: Ball
2-2: SINGLE (Groundball, 56D)
Batting: RHB Burt Babbs 0-0: Ball
1-0: Ball
2-0: Called Strike
2-1: Grounds into double play, 6-4-3 (Groundball, 6)
Top of the 4th over - 3 run(s), 4 hit(s), 0 error(s), 0 left on base; Casper 3 - Atlantic City 0
BOTTOM OF THE 4TH
Atlantic City Sonics batting - Pitching for Casper Ghosts : RHP Júlio Vázquez
Batting: RHB Dam Son 0-0: Ball
1-0: Foul Ball, location: 2F
1-1: Ball
2-1: Ball
3-1: Base on Balls
Batting: LHB José Cordero 0-0: Swinging Strike
0-1: Foul Ball, location: 2F
0-2: Strikes out swinging
Batting: LHB Ward Wilberfoss 0-0: Ball
Dam Son is caught stealing 2nd base
1-0: Ball
2-0: Called Strike
2-1: Ball
3-1: Called Strike
3-2: Fly out, F6 (Popup, 4MD)
Bottom of the 4th over - 0 run(s), 0 hit(s), 0 error(s), 0 left on base; Casper 3 - Atlantic City 0
TOP OF THE 5TH
Casper Ghosts batting - Pitching for Atlantic City Sonics : RHP Jesús Guerra
Batting: RHB Manny Maltby 0-0: Ball
1-0: Ball
2-0: Swinging Strike
2-1: Foul Ball, location: 2F
2-2: Fly out, F8 (Flyball, 8RS)
Batting: RHB Blake Snow 0-0: Foul Ball, location: 2F
0-1: Ball
1-1: Foul Ball, location: 2F
1-2: Ground out U3 (Groundball, 2R)
Batting: RHB Roberto De La Cruz 0-0: Called Strike
0-1: Ground out 6-3 (Groundball, 6)
Top of the 5th over - 0 run(s), 0 hit(s), 0 error(s), 0 left on base; Casper 3 - Atlantic City 0
BOTTOM OF THE 5TH
Atlantic City Sonics batting - Pitching for Casper Ghosts : RHP Júlio Vázquez
Batting: RHB David Wooderson 0-0: Foul Ball, location: 2F
0-1: Ball
1-1: Fly out, F9 (Flyball, 9S)
Batting: RHB José Rodríguez 0-0: Ball
1-0: Called Strike
1-1: Ball
2-1: Ball
3-1: Called Strike
3-2: Fly out, F7 (Flyball, 7)
Batting: LHB Juan Ledezma 0-0: Called Strike
0-1: Swinging Strike
0-2: Ball
1-2: SINGLE (Line Drive, 6D)
Batting: LHB Todd Blankenburg 0-0: Ball
1-0: Called Strike
1-1: Foul Ball, location: 2F
1-2: Foul Ball, location: 2F
1-2: Foul Ball, location: 2F
1-2: Ball
2-2: Fielders Choice at 2nd, 5-4 (Groundball, 56)
Bottom of the 5th over - 0 run(s), 1 hit(s), 0 error(s), 0 left on base; Casper 3 - Atlantic City 0
TOP OF THE 6TH
Casper Ghosts batting - Pitching for Atlantic City Sonics : RHP Jesús Guerra
Batting: RHB Jorge Díaz 0-0: SINGLE (Groundball, 56D)
Batting: RHB Richard Jost 0-0: DOUBLE (Line Drive, 8LXD)
Jorge Díaz to third
Batting: RHB Ron Coffman 0-0: Ball
1-0: Foul Ball, location: 2F
1-1: Called Strike
1-2: Foul Ball, location: 2F
1-2: Ball
2-2: Foul Ball, location: 2F
2-2: Strikes out swinging
Batting: RHB Ron Thomas 0-0: Ball
1-0: Ball
2-0: Called Strike
2-1: Foul Ball, location: 2F
2-2: Foul Ball, location: 2F
2-2: Ball
3-2: Foul Ball, location: 2F
3-2: SINGLE (Groundball, 56D)
Jorge Díaz scores
Richard Jost to third
Runner from 3rd tries for Home, SAFE, no throw
Pitching: RHP Rudy Byrd
Batting: RHB Warner Robinson 0-0: Ball
1-0: Foul Ball, location: 2F
1-1: Swinging Strike
1-2: Ball
2-2: Strikes out swinging
Batting: RHB Burt Babbs 0-0: Called Strike
0-1: Foul Ball, location: 2F
0-2: Ball
1-2: Ball
2-2: Fielders Choice at 2nd, 5-4 (Groundball, 56)
Top of the 6th over - 2 run(s), 3 hit(s), 0 error(s), 0 left on base; Casper 5 - Atlantic City 0
BOTTOM OF THE 6TH
Atlantic City Sonics batting - Pitching for Casper Ghosts : RHP Júlio Vázquez
Batting: RHB Phil Moore 0-0: Called Strike
0-1: Foul Ball, location: 2F
0-2: Foul Ball, location: 2F
0-2: Ball
1-2: Strikes out looking
Batting: LHB Chase Popoff 0-0: Swinging Strike
0-1: Ball
1-1: Swinging Strike
1-2: Ball
2-2: Ball
3-2: Base on Balls
Batting: RHB Dam Son 0-0: Foul Ball, location: 2F
0-1: Foul Ball, location: 2F
0-2: Ball
1-2: Fly out, F7 (Flyball, 7LSF)
Batting: LHB José Cordero 0-0: Ball
1-0: Ball
2-0: Ball
3-0: Called Strike
3-1: Called Strike
3-2: Fly out, F7 (Flyball, 78S)
Bottom of the 6th over - 0 run(s), 0 hit(s), 0 error(s), 1 left on base; Casper 5 - Atlantic City 0
TOP OF THE 7TH
Casper Ghosts batting - Pitching for Atlantic City Sonics : RHP Rudy Byrd
Batting: RHB Manny Maltby 0-0: Called Strike
0-1: Ball
1-1: Called Strike
1-2: Strikes out swinging
Batting: RHB Blake Snow 0-0: Called Strike
0-1: Called Strike
0-2: Strikes out swinging
Batting: RHB Roberto De La Cruz 0-0: Called Strike
0-1: Ball
1-1: SINGLE (Groundball, 34D)
Batting: RHB Jorge Díaz 0-0: Fly out, F6 (Popup, 6MS)
Top of the 7th over - 0 run(s), 1 hit(s), 0 error(s), 1 left on base; Casper 5 - Atlantic City 0
BOTTOM OF THE 7TH
Atlantic City Sonics batting - Pitching for Casper Ghosts : RHP Júlio Vázquez
Batting: LHB Ward Wilberfoss 0-0: Foul Ball, location: 2F
0-1: Called Strike
0-2: Ball
1-2: Foul Ball, location: 2F
1-2: Ground out U3 (Groundball, 3L)
Pitching: RHP Earl Simmons
Batting: RHB David Wooderson 0-0: Fly out, F4 (Line Drive, 4)
Batting: RHB José Rodríguez 0-0: Ball
1-0: Fly out, F3 (Popup, 3L)
Bottom of the 7th over - 0 run(s), 0 hit(s), 0 error(s), 0 left on base; Casper 5 - Atlantic City 0
TOP OF THE 8TH
Casper Ghosts batting - Pitching for Atlantic City Sonics : RHP Rudy Byrd
Batting: RHB Richard Jost 0-0: Foul Ball, location: 2F
0-1: Ground out 5-3 (Groundball, 56)
Batting: RHB Ron Coffman 0-0: Ball
1-0: Foul Ball, location: 2F
1-1: SINGLE (Flyball, 8RS)
Batting: RHB Ron Thomas 0-0: Swinging Strike
0-1: Ball
1-1: Ball
2-1: Ball
3-1: Base on Balls
Ron Coffman to second
Batting: RHB Warner Robinson 0-0: Ball
1-0: DOUBLE (Groundball, 3L)
Ron Coffman scores
Ron Thomas to third
Batting: RHB Burt Babbs 0-0: Ball
1-0: SINGLE (Groundball, 34D)
Ron Thomas scores
Warner Robinson to third
Batting: RHB Manny Maltby 0-0: SINGLE (Groundball, 56) (infield hit)
Warner Robinson scores
Burt Babbs to second
Batting: RHB Blake Snow 0-0: Ball
1-0: Foul Ball, location: 2F
1-1: Foul Ball, location: 2F
1-2: Hit by Pitch
Burt Babbs to third
Manny Maltby to second
Batting: RHB Roberto De La Cruz 0-0: Fly out, F9 (Flyball, 9)
Runner from 3rd tags up, SCORES, no throw
Pitching: LHP Nees Bogermans
Batting: RHB Jorge Díaz 0-0: Called Strike
0-1: Foul Ball, location: 2F
0-2: Ball
1-2: Ball
Passed Ball!
Manny Maltby to third
Blake Snow to second
2-2: Ground out 6-3 (Groundball, 6)
Top of the 8th over - 4 run(s), 4 hit(s), 0 error(s), 2 left on base; Casper 9 - Atlantic City 0
BOTTOM OF THE 8TH
Atlantic City Sonics batting - Pitching for Casper Ghosts : RHP Earl Simmons
Batting: LHB Juan Ledezma 0-0: Ground out 4-3 (Groundball, 4)
Batting: LHB Todd Blankenburg 0-0: Called Strike
0-1: Foul Ball, location: 2F
0-2: Ground out 5-3 (Groundball, 56)
Batting: RHB Phil Moore 0-0: Ball
1-0: Ground out 6-3 (Groundball, 6M)
Bottom of the 8th over - 0 run(s), 0 hit(s), 0 error(s), 0 left on base; Casper 9 - Atlantic City 0
TOP OF THE 9TH
Casper Ghosts batting - Pitching for Atlantic City Sonics : LHP Nees Bogermans
Pinch Hitting: RHB Bob Mager 0-0: Called Strike
0-1: Ball
1-1: Foul Ball, location: 2F
1-2: Ball
2-2: Fly out, F6 (Popup, 6S)
Batting: RHB Ron Coffman 0-0: Called Strike
0-1: Ball
1-1: Foul Ball, location: 2F
1-2: Foul Ball, location: 2F
1-2: Ball
2-2: Ball
3-2: Foul Ball, location: 2F
3-2: Base on Balls
Batting: RHB Ron Thomas 0-0: Ball
1-0: Foul Ball, location: 2F
1-1: Ball
2-1: Foul Ball, location: 2F
2-2: Fielders Choice at 2nd, 4-6 (Groundball, 4)
Batting: RHB Warner Robinson 0-0: Foul Ball, location: 2F
0-1: Ball
1-1: Ball
2-1: Foul Ball, location: 2F
2-2: Ball
3-2: Fly out, F6 (Line Drive, 6D)
Top of the 9th over - 0 run(s), 0 hit(s), 0 error(s), 1 left on base; Casper 9 - Atlantic City 0
BOTTOM OF THE 9TH
Atlantic City Sonics batting - Pitching for Casper Ghosts : RHP Earl Simmons
Now at C: Henry Appleby
Now at 2B: Ray Millspaugh
Now at SS: Bob Mager
Batting: LHB Chase Popoff 0-0: Called Strike
0-1: Called Strike
0-2: Fly out, F7 (Flyball, 7)
Pitching: RHP Tadayoshi Tanaka
Batting: RHB Dam Son 0-0: Called Strike
0-1: Foul Ball, location: 2F
0-2: Strikes out swinging
Batting: LHB José Cordero 0-0: Ball
1-0: Called Strike
1-1: SOLO HOME RUN (Flyball, 9D), Distance : 376 ft
Batting: LHB Ward Wilberfoss 0-0: Called Strike
0-1: Foul Ball, location: 2F
0-2: Fly out, F7 (Flyball, 78D)
Bottom of the 9th over - 1 run(s), 1 hit(s), 0 error(s), 0 left on base; Casper 9 - Atlantic City 1
Tuesday, August 29th, 2017 - OOTP Baseball 17.12 Build 75